 Dungeon Crawl Stone Soup version 0.30-a0-242-g7bf8e6d787 (webtiles) character file.

Game seed: 5470762601509987027

70 gzilladon the Trooper (level 4, 0/44 HPs)
             Began as a Naga Fighter on Oct 11, 2022.
             Succumbed to Sigmund's poison
             ... on level 3 of the Dungeon.
             The game lasted 00:06:27 (1898 turns).

gzilladon the Trooper (Naga Fighter)                Turns: 1898, Time: 00:06:27

Health: 0/44       AC:  6    Str: 20    XL:     4   Next: 21%
Magic:  4/4        EV:  7    Int: 15    God:
Gold:   113        SH:  4    Dex: 10    Spells: 3/3 levels left

rFire   . . .      SeeInvis +    a - +0 war axe
rCold   . . .      Faith    .    c - +0 buckler
rNeg    . . .      Spirit   .    b - +0 scale mail
rPois   +          Reflect  .    (no helmet)
rElec   .          Harm     .    (no cloak)
rCorr   .          Rampage  .    g - +0 pair of gloves
Will    .....                    (no barding)
Stlth   ..........               (no amulet)
HPRegen 0.27/turn                f - +6 ring of intelligence
MPRegen 0.09/turn                (no ring)

@: mighty, lethally poisoned (0 -> -9), very slow
A: AC +1, large, see invisible, deformed body, poison resistance, slowness 2,
spit poison 1, naga tail 1
a: Spit Poison


You were on level 3 of the Dungeon.
You visited 1 branch of the dungeon, and saw 3 of its levels.

You collected 113 gold pieces.

Inventory:

Hand Weapons
 a - a +0 war axe (weapon)
Missiles
 j - 18 stones
 n - 12 poisoned darts
Armour
 b - a +0 scale mail (worn)
 c - a +0 buckler (worn)
 g - a +0 pair of gloves (worn)
 i - an orb of guile
Jewellery
 f - a +6 ring of intelligence (left hand)
Scrolls
 e - 6 scrolls of identify {unknown}
 l - a scroll of teleportation {unknown}
 m - 2 scrolls of fear {unknown}
 o - a scroll of enchant armour {unknown}
Potions
 h - a potion of heal wounds {unknown}
 k - a potion of lignification {unknown}


   Skills:
 * Level 3.6 Fighting
 + Level 2.8 Axes
 + Level 2.8 Armour
 + Level 0.5 Dodging
 + Level 2.9 Shields


You had 3 spell levels left.
You didn't know any spells.
Your spell library contained the following spells:

 Spells                   Type           Power      Damage    Failure   Level
 Summon Forest            Summ/Tloc      0%         N/A       100%        5
 Summon Mana Viper        Hex/Summ       0%         N/A       100%        5
 Summon Cactus Giant      Summ           0%         N/A       100%        6


Dungeon Overview and Level Annotations

Branches:
Dungeon (3/15)

Altars:

Annotations:
D:3 Sigmund


Innate Abilities, Weirdness & Mutations

Your serpentine skin is tough. (AC +1)
You have supernaturally acute eyesight. (SInv)
Armour fits poorly on your strangely shaped body.
Your system is resistant to poisons. (rPois)
You cover ground very slowly.
You can spit poison.
You have a snake-like lower body.


Message History

You kill the ball python!
You closely miss the orc. You block the bat's attack.
The orc barely misses you. The orc hits you but does no damage.
Sigmund says, "I'm your fate."
Sigmund hits you from afar with a +1 scythe of venom!
You barely miss the orc. You slash the orc!
You kill the orc!
The bat hits you. The orc barely misses you.
Sigmund screams, "Don't try to resist!"
Sigmund barely misses you.
You slash the orc!
You kill the orc!
The bat hits you but does no damage.
Sigmund hits you from afar with a +1 scythe of venom.
Found a faded altar of an unknown god.
The bat hits you but does no damage.
Sigmund points at you and mumbles some strange words.
You are confused.
Things that are here:
a +0 short sword; a +0 club; an orc corpse You bump into the rock wall.
The bat completely misses you. Sigmund hits you but does no damage.
You are poisoned.
You bump into the rock wall.
You feel sick.
You feel sick. The bat hits you but does no damage.
Sigmund hits you from afar with a +1 scythe of venom.
You feel sick. The bat hits you but does no damage.
You feel less confused.
You feel sick. The bat barely misses you.
Sigmund hits you with a +1 scythe of venom!
* * * LOW HITPOINT WARNING * * *
You are lethally poisoned!
The bat hits you but does no damage.
You barely miss Sigmund. You slash the bat!
You kill the bat!
* * * LOW HITPOINT WARNING * * *
You feel very sick. Sigmund barely misses you.
You slash Sigmund!
Sigmund is moderately wounded.
You die...

........###########
.######.# #.## #..#
##.# ##.#### ####
##))†..#.....
##....†.......
#...@@........
#.............
......$.........
###.............
#...........§.
#........§_...
#.#.....#§....
#.###..#######


You could see Sigmund (invisible).

Vanquished Creatures
  An adder (D:2)
  2 dart slugs
  3 orcs (D:3)
  6 ball pythons
  4 bats
  6 endoplasms
  3 giant cockroaches
  6 hobgoblins
  4 quokkas
  3 frilled lizards (D:1)
  3 goblins (D:1)
  6 kobolds
  2 rats
49 creatures vanquished.

Notes
Turn   | Place    | Note
-------+----------+-------------------------------------------
     0 | D:1      | gzilladon the Naga Fighter began the quest for the Orb.
     0 | D:1      | Reached XP level 1. HP: 21/21 MP: 1/1
     6 | D:1      | Noticed a seven-headed hydra
     6 | D:1      | Noticed a snapping turtle
     6 | D:1      | Noticed a black bear
     7 | D:1      | Noticed a wolf
   248 | D:1      | Reached XP level 2. HP: 28/28 MP: 2/2
   713 | D:1      | Reached XP level 3. HP: 27/34 MP: 3/3
  1581 | D:2      | Reached XP level 4. HP: 42/42 MP: 4/4
  1884 | D:3      | Noticed Sigmund
  1891 | D:3      | Found a faded altar of an unknown god.
  1898 | D:3      | Succumbed to Sigmund's poison

Illustrated notes

Levels and vault maps discovered:
D:1:      onia_arrival_zoo_common, layout_basic, hangedman_decor_opposing,
          minmay_pentomino_p2
D:2:      layout_loops_ring, grunt_ministairs_15
D:3:      layout_rooms, grunt_temple_overflow_order_and_chaos_1,
          cheibrodos_worm_habitat, ebering_ecumenical_altar_mist, uniq_jessica,
          uniq_sigmund

Action                   |  1- 3 |  4- 6 || total
-------------------------+-------+-------++-------
Melee: War axe           |   101 |    14 ||   115
  Use: Potion            |       |     1 ||     1
Armor: Scale mail        |    51 |    15 ||    66
Dodge: Dodged            |    39 |    15 ||    54
Block: Buckler           |    25 |     3 ||    28

Table legend: (Time is in decaauts)
 A = Elapsed time spent in this place.
 B = Non-inter-level travel time spent in this place.
 C = Inter-level travel time spent in this place.
 D = Time resting spent in this place.
 E = Time spent auto-exploring this place.
 F = Levels seen in this place.
 G = Mean time per level.
                   A        B        C        D        E       F      G
               +--------+--------+--------+--------+--------+-----+--------+
         Total |   2580 |   2114 |    466 |    146 |      0 |   3 |  860.0 |
       Dungeon |   2580 |   2114 |    466 |    146 |      0 |   3 |  860.0 |
               +--------+--------+--------+--------+--------+-----+--------+

Top non-repeatable levels by time:
     D:1: 1429 daAuts
     D:2: 1085 daAuts
     D:3: 65 daAuts
